[Event "22nd ECCC Women 2017"]
[Site "Antalya"]
[Date "2017.10.09"]
[Round "1"]
[White "Kovanova, Baira"]
[Black "Neuhauser, Salome"]
[Result "1-0"]
[ECO "A48"]
[WhiteElo "2371"]
[BlackElo "2140"]
[Annotator "ChessBase"]
[PlyCount "57"]
[EventType "team-tourn"]
[EventCountry "TUR"]
[WhiteTeam "UGRA"]
[BlackTeam "Mulhouse Philidor"]
[TimeControl "40/5400+30:1800+30"]

1. d4 Nf6 2. Nf3 g6 3. Bf4 Bg7 4. e3 O-O 5. h3 d6 6. Be2 Nbd7 7. O-O Qe8 8. c4 c5 9. Nc3 b6 10. d5 Nb8 11. e4 Na6 12. Bh2 Qd8 13. e5 Ne8 14. Re1 Nac7 15. Bd3 Rb8 16. Bf4 a6 17. a4 Bb7 18. Bf1 dxe5 19. Nxe5 b5 20. axb5 axb5 21. cxb5 Ra8 22. Rxa8 Bxa8 23. Nc6 Bxc6 24. dxc6 Nd6 25. Rxe7 Bxc3 26. Qxd6 Ne6 27. bxc3 Nxf4 28. Qxd8 Rxd8 29. c7 1-0

[Event "22nd ECCC Women 2017"]
[Site "Antalya"]
[Date "2017.10.09"]
[Round "1"]
[White "Fataliyeva, Ulviyya"]
[Black "Klinova, Masha"]
[Result "1-0"]
[ECO "B07"]
[WhiteElo "2348"]
[BlackElo "2289"]
[Annotator "ChessBase"]
[PlyCount "52"]
[EventType "team-tourn"]
[EventCountry "TUR"]
[WhiteTeam "Odlar Yurdu"]
[BlackTeam "Beer Sheva"]
[TimeControl "40/5400+30:1800+30"]

1. e4 d6 2. d4 Nf6 3. Nc3 g6 4. Be3 a6 5. h3 Bg7 6. f4 O-O 7. Qf3 Nc6 8. O-O-O d5 9. e5 Ne4 10. Nxe4 dxe4 11. Qe2 b5 12. d5 Na5 13. Bd2 Nc4 14. Qxe4 Nxd2 15. Rxd2 Bb7 16. Nf3 e6 17. c4 Qe7 18. Be2 Rfd8 19. Rhd1 Bf8 20. Qc2 exd5 21. cxd5 Rd7 22. Ng5 Rad8 23. Ne4 Bg7 24. Nc5 Bc8 25. Nxd7 Rxd7 26. d6 cxd6 1-0

[Event "22nd ECCC Women 2017"]
[Site "Antalya"]
[Date "2017.10.09"]
[Round "1"]
[White "Hojjatova, Aydan"]
[Black "Ovechkin, Lilia"]
[Result "1-0"]
[ECO "B04"]
[WhiteElo "2341"]
[BlackElo "1779"]
[Annotator "ChessBase"]
[PlyCount "73"]
[EventType "team-tourn"]
[EventCountry "TUR"]
[WhiteTeam "Odlar Yurdu"]
[BlackTeam "Beer Sheva"]
[TimeControl "40/5400+30:1800+30"]

1. e4 Nf6 2. e5 Nd5 3. d4 d6 4. Nf3 Nb6 5. Be2 g6 6. O-O Bg7 7. exd6 cxd6 8. h3 O-O 9. c4 Nc6 10. Nc3 Bf5 11. Be3 d5 12. c5 Nc4 13. Bc1 h6 14. b3 N4a5 15. Be3 g5 16. Qd2 e6 17. Rad1 a6 18. Nh2 Ne7 19. f4 f6 20. fxg5 hxg5 21. Bh5 Bg6 22. Bf3 Nac6 23. Ne2 Nf5 24. Bf2 Kf7 25. Ng4 Rh8 26. Rde1 Nh4 27. Be3 Nxf3+ 28. Rxf3 Bh5 29. Bxg5 Bxg4 30. hxg4 Qc7 31. Bf4 Qa5 32. Qxa5 Nxa5 33. Bd6 Rh4 34. Nf4 Re8 35. Rfe3 Rxg4 36. Nxe6 Rg8 37. Nf4 1-0

[Event "22nd ECCC Women 2017"]
[Site "Antalya"]
[Date "2017.10.09"]
[Round "1"]
[White "Zaiatz, Elena"]
[Black "Celik, Eda"]
[Result "1-0"]
[ECO "D02"]
[WhiteElo "2334"]
[BlackElo "1880"]
[Annotator "ChessBase"]
[PlyCount "51"]
[EventType "team-tourn"]
[EventCountry "TUR"]
[SourceTitle "playchess.com"]
[Source "ChessBase"]
[SourceQuality "1"]
[WhiteTeam "Bossa Nova"]
[BlackTeam "Aegean"]
[TimeControl "40/5400+30:1800+30"]

1. Nf3 d5 2. g3 c6 3. Bg2 Bg4 4. O-O Nf6 5. d4 e6 6. Nbd2 Nbd7 7. Re1 Be7 8. c3 O-O 9. e4 dxe4 10. Nxe4 Nxe4 11. Rxe4 Nf6 12. Re1 Qb6 13. h3 Bh5 14. g4 Bg6 15. Ne5 Rfd8 16. h4 h6 17. Nxg6 fxg6 18. Rxe6 Qc7 19. g5 hxg5 20. Bxg5 Bd6 21. Bxf6 gxf6 22. Qf3 Be7 23. Rae1 Rd7 24. h5 gxh5 25. Qxh5 Kg7 26. R1e4 1-0

[Event "22nd ECCC Women 2017"]
[Site "Antalya"]
[Date "2017.10.09"]
[Round "1"]
[White "Sandu, Mihaela"]
[Black "Ince, Safiye Oyku"]
[Result "1-0"]
[ECO "B85"]
[WhiteElo "2278"]
[BlackElo "1861"]
[Annotator "ChessBase"]
[PlyCount "79"]
[EventType "team-tourn"]
[EventCountry "TUR"]
[SourceTitle "playchess.com"]
[Source "ChessBase"]
[SourceQuality "1"]
[WhiteTeam "Timisoara"]
[BlackTeam "Mediterranean"]
[TimeControl "40/5400+30:1800+30"]

1. e4 c5 2. Nf3 e6 3. d4 cxd4 4. Nxd4 Nc6 5. Nc3 Qc7 6. f4 d6 7. Be3 Nf6 8. Be2 Be7 9. O-O O-O 10. Kh1 Nxd4 11. Bxd4 e5 12. Be3 exf4 13. Bxf4 Be6 14. Qd3 a6 15. Qg3 Rfd8 16. Rad1 Ne8 17. e5 dxe5 18. Bxe5 Qb6 19. Bd3 Rac8 20. Ne4 Bc4 21. Bxc4 Rxc4 22. Rxd8 Qxd8 23. Qf3 Qd5 24. Nc3 Qxf3 25. gxf3 Bf6 26. Bxf6 Nxf6 27. Rd1 Rc8 28. Ne2 Kf8 29. c3 Re8 30. Rd2 Ke7 31. Kg1 Rd8 32. Nd4 g6 33. Kf2 Nd7 34. c4 Rc8 35. b3 Rc5 36. Re2+ Re5 37. Rd2 Rc5 38. Re2+ Re5 39. Rc2 Nc5 40. Rd2 1-0

[Event "22nd ECCC Women 2017"]
[Site "Antalya"]
[Date "2017.10.09"]
[Round "1"]
[White "Dragomirescu, Angela"]
[Black "Ozbek, Busra"]
[Result "1-0"]
[ECO "A24"]
[WhiteElo "2231"]
[BlackElo "1850"]
[Annotator "ChessBase"]
[PlyCount "83"]
[EventType "team-tourn"]
[EventCountry "TUR"]
[WhiteTeam "Timisoara"]
[BlackTeam "Mediterranean"]
[TimeControl "40/5400+30:1800+30"]

1. c4 g6 2. g3 Bg7 3. Bg2 Nf6 4. Nc3 d6 5. e4 Nbd7 6. d3 e5 7. Nge2 O-O 8. O-O c6 9. h3 Nc5 10. Be3 Ne6 11. f4 Nd7 12. f5 Nd4 13. g4 Nc5 14. b4 Na6 15. Rb1 Nc7 16. Qd2 Bd7 17. Bg5 f6 18. Be3 Nxe2+ 19. Qxe2 Be8 20. Qf2 Bf7 21. Bxa7 d5 22. exd5 cxd5 23. Bb6 dxc4 24. dxc4 Bxc4 25. Rfd1 Qc8 26. Qc5 Na6 27. Qxc8 Raxc8 28. Bxb7 Rb8 29. Bd5+ Bxd5 30. Nxd5 Bh6 31. Kf2 Kf7 32. b5 Rfc8 33. bxa6 Rc2+ 34. Kf1 Rxa2 35. a7 Rb7 36. Nc7 Bf4 37. a8=Q Rxa8 38. Nxa8 Re7 39. Bc5 Re8 40. Rd7+ Kg8 41. Nc7 Rc8 42. Ne6 1-0

[Event "22nd ECCC Women 2017"]
[Site "Antalya"]
[Date "2017.10.08"]
[Round "1"]
[White "Ozbay, Ece"]
[Black "Savina, Anastasia"]
[Result "0-1"]
[ECO "B07"]
[WhiteElo "1998"]
[BlackElo "2350"]
[Annotator "NA"]
[PlyCount "60"]
[EventType "team-tourn"]
[EventCountry "TUR"]
[SourceTitle "playchess.com"]
[Source "ChessBase"]
[SourceQuality "1"]
[WhiteTeam "Marmara"]
[BlackTeam "Legacy Square Capital"]
[TimeControl "40/5400+30:1800+30"]

1. e4 d6 2. d4 Nf6 3. Nc3 e5 4. dxe5 dxe5 5. Qxd8+ Kxd8 6. Bg5 Be6 7. O-O-O+ Kc8 8. Nf3 Nbd7 9. Bh4 h6 10. Bb5 c6 11. Be2 Bb4 12. Bxf6 Nxf6 13. Bd3 $17 (13. Nxe5 $15 Bxc3 14. bxc3) 13... Nd7 14. Kd2 Kc7 15. a3 Be7 16. b4 g5 17. h3 h5 18. Ng1 a5 19. Rb1 Nb6 20. Nge2 Rhd8 21. Ke3 Nc4+ 22. Bxc4 Bxc4 23. Rhd1 g4 24. hxg4 hxg4 25. f3 axb4 26. axb4 gxf3 27. gxf3 Rh8 28. Rg1 Rh2 29. Rh1 Bxb4 30. Kd2 Bxe2 0-1

[Event "22nd ECCC Women 2017"]
[Site "Antalya"]
[Date "2017.10.09"]
[Round "1"]
[White "Sade, Defne"]
[Black "Stetsko, Lanita"]
[Result "0-1"]
[ECO "C90"]
[WhiteElo "1951"]
[BlackElo "2254"]
[Annotator "ChessBase"]
[PlyCount "118"]
[EventType "team-tourn"]
[EventCountry "TUR"]
[WhiteTeam "Aegean"]
[BlackTeam "Bossa Nova"]
[TimeControl "40/5400+30:1800+30"]

1. e4 e5 2. Nf3 Nc6 3. Bb5 a6 4. Ba4 Nf6 5. O-O Be7 6. Re1 b5 7. Bb3 d6 8. a3 Bg4 9. c3 Na5 10. Ba2 c5 11. b4 Nc6 12. d3 O-O 13. Nbd2 Qc8 14. Nf1 Be6 15. Ne3 Bxa2 16. Rxa2 Qe6 17. Ra1 g6 18. Ng5 Qd7 19. Nd5 Nxd5 20. exd5 Nd8 21. bxc5 dxc5 22. Qf3 Rb8 23. Qg3 f6 24. Qh3 Qxh3 25. Nxh3 Nb7 26. c4 bxc4 27. dxc4 Nd6 28. Bh6 Rfe8 29. Be3 Nxc4 30. Rac1 Nxe3 31. fxe3 Rb3 32. Nf2 Rd8 33. d6 Bxd6 34. Ne4 Be7 35. Nxc5 Rxa3 36. Ne4 Ra4 37. Rc7 Kf7 38. Nc3 Rb4 39. e4 Rbd4 40. Nd5 R4xd5 41. exd5 Rxd5 42. Rb1 e4 43. Rbb7 Re5 44. Kf2 a5 45. Ke3 f5 46. Ra7 Kf6 47. Rc6+ Kg5 48. Kd4 Bf6 49. h4+ Kf4 50. Rxf6 e3 51. g3+ Kxg3 52. Kxe5 e2 53. Rxh7 e1=Q+ 54. Kd5 Qe4+ 55. Kd6 Qd4+ 56. Ke6 Qc4+ 57. Kd6 Kf4 58. Rc7 Qd4+ 59. Ke7 Qe5+ 0-1

[Event "22nd ECCC Women 2017"]
[Site "Antalya"]
[Date "2017.10.09"]
[Round "1"]
[White "Ayan, Bengu Sena"]
[Black "Badelka, Olga"]
[Result "0-1"]
[ECO "D25"]
[WhiteElo "1888"]
[BlackElo "2353"]
[Annotator "ChessBase"]
[PlyCount "64"]
[EventType "team-tourn"]
[EventCountry "TUR"]
[WhiteTeam "Aegean"]
[BlackTeam "Bossa Nova"]
[TimeControl "40/5400+30:1800+30"]

1. d4 d5 2. Nf3 Nf6 3. c4 dxc4 4. e3 b5 5. a4 b4 6. Bxc4 e6 7. O-O Bb7 8. a5 Be7 9. Nbd2 O-O 10. a6 Bd5 11. Qc2 Nbd7 12. Bd3 Bxf3 13. Nxf3 c5 14. b3 Rc8 15. Qe2 cxd4 16. Nxd4 Nc5 17. Bc4 Nfe4 18. Bb2 Bf6 19. Rfd1 Qb6 20. Rac1 Rfd8 21. Qg4 g6 22. Ba1 Bg7 23. Qe2 Nd6 24. Nf3 Bxa1 25. Rxa1 Nce4 26. Rd4 Nc3 27. Qd3 Nxc4 28. bxc4 Qc7 29. c5 Rd5 30. Qc4 Rxc5 31. Qf1 b3 32. Rb4 Rb8 0-1

[Event "22nd ECCC Women 2017"]
[Site "Antalya"]
[Date "2017.10.09"]
[Round "1"]
[White "Brusilovski, Lena"]
[Black "Mammadova, Gulnar"]
[Result "0-1"]
[ECO "C13"]
[WhiteElo "1881"]
[BlackElo "2385"]
[Annotator "ChessBase"]
[PlyCount "66"]
[EventType "team-tourn"]
[EventCountry "TUR"]
[WhiteTeam "Beer Sheva"]
[BlackTeam "Odlar Yurdu"]
[TimeControl "40/5400+30:1800+30"]

1. e4 e6 2. d4 d5 3. Nc3 Nf6 4. Bg5 dxe4 5. Nxe4 Be7 6. Bxf6 gxf6 7. Nf3 f5 8. Ng3 c5 9. Bd3 Nc6 10. dxc5 Qa5+ 11. c3 Qxc5 12. Qe2 Bd7 13. O-O O-O-O 14. Rfe1 h5 15. Ne5 Nxe5 16. Qxe5 Qxe5 17. Rxe5 Bf6 18. Re2 Bc6 19. Bc4 h4 20. Nf1 f4 21. f3 h3 22. Nd2 Rhg8 23. Rf1 Bh4 24. Ne4 Rg7 25. Kh1 Rdg8 26. gxh3 Bxe4 27. fxe4 f3 28. Rd2 Bd8 29. h4 Bb6 30. h3 Rg1+ 31. Rxg1 Rxg1+ 32. Kh2 f2 33. e5 Be3 0-1

[Event "22nd ECCC Women 2017"]
[Site "Antalya"]
[Date "2017.10.09"]
[Round "2"]
[White "Badelka, Olga"]
[Black "Sandu, Mihaela"]
[Result "1-0"]
[ECO "E70"]
[WhiteElo "2353"]
[BlackElo "2278"]
[Annotator "NA"]
[PlyCount "83"]
[EventType "team-tourn"]
[EventCountry "TUR"]
[SourceTitle "playchess.com"]
[Source "ChessBase"]
[SourceQuality "1"]
[WhiteTeam "Bossa Nova"]
[BlackTeam "Timisoara"]
[TimeControl "40/5400+30:1800+30"]

1. d4 Nf6 2. c4 g6 3. Nc3 Bg7 4. e4 d6 5. Nge2 {[%emt 0:00:00] LiveBook: 1153 Games} Nbd7 6. Ng3 h5 {[%emt 0:01:30] E70: King's Indian: Miscellaneous lines with 4 e4, including 5 Nge2 and 5 Bd3 0-0 6 Nge2} (6... e5 7. d5 h5 8. Bg5 h4 9. Nge2 Nc5 10. f3 a5 11. Qd2 Bd7 12. Nc1 Qe7 13. Nd3 Nxd3+ 14. Bxd3 h3 {1-0 (46) Bologan,V (2640)-Saric,I (2652) Tallinn 2016}) 7. Be2 a6 8. f4 $146 ({Predecessor:} 8. h4 c5 9. Be3 Ng4 10. Bxg4 hxg4 11. h5 cxd4 12. Bxd4 Ne5 13. Nd5 Be6 14. Bb6 {½-½ (30) Vafiadis,K (2299)-Dochev,D (2404) Achaea 2012}) 8... h4 9. Nf1 e5 10. fxe5 dxe5 11. d5 Nh5 12. g3 Ndf6 13. Bg5 Qd7 14. Qd3 Qh3 15. Rg1 hxg3 16. hxg3 O-O 17. O-O-O Bg4 18. Bxg4 Qxg4 19. Bd2 Nf4 20. Qe3 Nh3 21. Nh2 Qd7 22. Rh1 c5 23. Qe2 b5 24. Be3 $14 (24. Rde1 $18) 24... b4 25. Nb1 Nxe4 26. Qg2 Neg5 27. Nf3 Qg4 28. Nxg5 Nxg5 29. Nd2 f5 30. Rh4 Qxd1+ 31. Kxd1 Nf7 32. Bxc5 Rfc8 33. Bxb4 Rab8 34. Bc3 a5 35. g4 f4 36. Qe4 Rb6 37. Bxa5 Ra6 38. b4 Re8 39. c5 Rf6 40. d6 f3 41. d7 Rf8 42. Nxf3 1-0

[Event "22nd ECCC Women 2017"]
[Site "Antalya"]
[Date "2017.10.10"]
[Round "2"]
[White "Savina, Anastasia"]
[Black "Kovanova, Baira"]
[Result "1/2-1/2"]
[ECO "E48"]
[WhiteElo "2350"]
[BlackElo "2371"]
[Annotator "ChessBase"]
[PlyCount "83"]
[EventType "team-tourn"]
[EventCountry "TUR"]
[SourceTitle "playchess.com"]
[Source "ChessBase"]
[SourceQuality "1"]
[WhiteTeam "Legacy Square Capital"]
[BlackTeam "UGRA"]
[TimeControl "40/5400+30:1800+30"]

1. d4 Nf6 2. c4 e6 3. Nc3 Bb4 4. e3 O-O 5. Bd3 d5 6. Nge2 c5 7. cxd5 cxd4 8. exd4 exd5 9. O-O h6 10. Nf4 Nc6 11. Bc2 Ba5 12. a3 Bb6 13. Be3 Ne7 14. h3 Bf5 15. Bb3 Qd6 16. Rc1 a6 17. Nfe2 Ng6 18. Ng3 Be6 19. Bc2 Bc7 20. f4 Rae8 21. Qf3 Bd7 22. Bd3 Re7 23. Nce2 Nh4 24. Qf2 Rfe8 25. Bd2 a5 26. Rxc7 Qxc7 27. f5 Nxf5 28. Nxf5 Bxf5 29. Qxf5 Rxe2 30. Bxe2 Rxe2 31. Rc1 Qg3 32. Rc8+ Ne8 33. Qxd5 Rxd2 34. Rxe8+ Kh7 35. Qf5+ Qg6 36. Qxg6+ Kxg6 37. Re5 Rxb2 38. Rxa5 f5 39. d5 Kf6 40. d6 Rd2 41. Rb5 Rxd6 42. Rxb7 1/2-1/2

[Event "22nd ECCC Women 2017"]
[Site "Antalya"]
[Date "2017.10.09"]
[Round "2"]
[White "Cosma, Elena-Luminita"]
[Black "Zaiatz, Elena"]
[Result "1/2-1/2"]
[ECO "D02"]
[WhiteElo "2333"]
[BlackElo "2334"]
[Annotator "NA"]
[PlyCount "60"]
[EventType "team-tourn"]
[EventCountry "TUR"]
[SourceTitle "playchess.com"]
[Source "ChessBase"]
[SourceQuality "1"]
[WhiteTeam "Timisoara"]
[BlackTeam "Bossa Nova"]
[TimeControl "40/5400+30:1800+30"]

1. d4 Nf6 2. Nf3 g6 3. Nbd2 d5 4. e3 Bg7 5. b4 O-O 6. Be2 Nfd7 7. c4 e5 8. O-O e4 9. Ne1 c6 10. Qb3 a5 11. a4 $15 ({Better is} 11. b5 $11) 11... axb4 12. cxd5 Nc5 13. Qb1 Nxa4 14. Qxb4 b5 15. Nxe4 Na6 16. Qd2 Re8 17. Ng3 Qxd5 18. Nd3 Qd7 19. Ba3 c5 20. Bxc5 Bb7 21. Rac1 h5 22. Bf3 Bxf3 23. gxf3 h4 24. Ne4 Rxe4 25. fxe4 N6xc5 26. dxc5 Qg4+ 27. Kh1 Qf3+ 28. Kg1 Qg4+ 29. Kh1 Qf3+ 30. Kg1 Qg4+ 1/2-1/2

[Event "22nd ECCC Women 2017"]
[Site "Antalya"]
[Date "2017.10.09"]
[Round "2"]
[White "Klinova, Masha"]
[Black "Yildiz, Betul Cemre"]
[Result "1/2-1/2"]
[ECO "C68"]
[WhiteElo "2289"]
[BlackElo "2350"]
[Annotator "NA"]
[PlyCount "72"]
[EventType "team-tourn"]
[EventCountry "TUR"]
[SourceTitle "playchess.com"]
[Source "ChessBase"]
[SourceQuality "1"]
[WhiteTeam "Beer Sheva"]
[BlackTeam "Anatolia"]
[TimeControl "40/5400+30:1800+30"]

1. e4 e5 2. Nf3 Nc6 3. Bb5 a6 4. Bxc6 dxc6 5. d4 exd4 6. Qxd4 Qxd4 7. Nxd4 Bd7 8. Nc3 O-O-O 9. Be3 Bb4 10. Nde2 Re8 11. O-O-O f5 12. Bd4 {[%emt 0:14:30] LiveBook: 4 Games} Nf6 13. e5 Ng4 14. f4 Rhg8 15. h3 Nh6 16. Be3 $11 g5 17. g3 Nf7 18. Rhg1 Nd8 19. a3 Bf8 20. Nd4 Bh6 21. Bd2 Rg6 22. Rde1 gxf4 23. gxf4 Reg8 24. Rxg6 Rxg6 25. Nce2 Be6 26. Rg1 c5 27. Nxe6 Nxe6 28. Rxg6 hxg6 29. c4 Kd7 30. Kc2 c6 31. Kd3 b5 32. b3 Nd8 33. Be3 Ne6 34. Bd2 Nd8 35. Be3 Ne6 36. Bd2 Nd8 1/2-1/2

[Event "22nd ECCC Women 2017"]
[Site "Antalya"]
[Date "2017.10.11"]
[Round "2"]
[White "Stetsko, Lanita"]
[Black "Dragomirescu, Angela"]
[Result "1/2-1/2"]
[ECO "B01"]
[WhiteElo "2254"]
[BlackElo "2231"]
[Annotator "ChessBase"]
[PlyCount "134"]
[EventType "team-tourn"]
[EventCountry "TUR"]
[WhiteTeam "Bossa Nova"]
[BlackTeam "Timisoara"]
[TimeControl "40/5400+30:1800+30"]

1. e4 d5 2. exd5 Qxd5 3. Nc3 Qd6 4. d4 Nf6 5. Nf3 c6 6. h3 Bf5 7. Bc4 Nbd7 8. O-O e6 9. Bb3 Be7 10. Ne2 h6 11. Bf4 Qb4 12. c4 O-O 13. Ng3 Bh7 14. Re1 Rfe8 15. Bc7 Bd8 16. a3 Qf8 17. Bf4 Rc8 18. Ne5 Ba5 19. Re2 Red8 20. Bc2 Bb6 21. Bxh7+ Nxh7 22. Rd2 Nhf6 23. Qf3 Nxe5 24. dxe5 Rxd2 25. Bxd2 Nd7 26. Bc3 Bc7 27. Re1 Rd8 28. Qg4 Kh8 29. Nh5 a5 30. Rd1 g6 31. Ng3 Nc5 32. Rxd8 Qxd8 33. Qf4 Kg7 34. Bd2 Qg5 35. Qxg5 hxg5 36. b4 axb4 37. axb4 Nd3 38. Bxg5 Nxb4 39. Bf6+ Kf8 40. Ne2 Nd3 41. f4 Bb6+ 42. Kh2 Nb2 43. g4 Nxc4 44. h4 Ne3 45. Kg3 Nd5 46. Bg5 Kg7 47. h5 gxh5 48. gxh5 Bc5 49. Kf3 b5 50. f5 exf5 51. Ng3 f4 52. Nf5+ Kh7 53. Bxf4 b4 54. Bc1 Nc3 55. Nd6 Kg8 56. h6 Bd4 57. h7+ Kxh7 58. Nxf7 Kg6 59. e6 Nd5 60. Ke4 Bf6 61. Ne5+ Bxe5 62. Kxe5 b3 63. Kd6 Kf5 64. Kxc6 Kxe6 65. Kc5 Nf4 66. Kc4 Ne2 67. Kxb3 Ke5 1/2-1/2

[Event "22nd ECCC Women 2017"]
[Site "Antalya"]
[Date "2017.10.09"]
[Round "2"]
[White "Isgandarova, Khayala"]
[Black "Brusilovski, Lena"]
[Result "1/2-1/2"]
[ECO "B55"]
[WhiteElo "2242"]
[BlackElo "1881"]
[Annotator "NA"]
[PlyCount "89"]
[EventType "team-tourn"]
[EventCountry "TUR"]
[SourceTitle "playchess.com"]
[Source "ChessBase"]
[SourceQuality "1"]
[WhiteTeam "Anatolia"]
[BlackTeam "Beer Sheva"]
[TimeControl "40/5400+30:1800+30"]

1. e4 c5 2. Nf3 d6 3. d4 cxd4 4. Nxd4 Nf6 5. f3 Nc6 6. c4 a6 7. Nc3 {[%emt 0:00:30] B55: Sicilian: 2...d6 3 d4 cxd4 4 Nxd4 Nf6 5 f3} e6 (7... g6 8. Be3 Bg7 9. Qd2 O-O 10. Be2 Bd7 11. O-O Ne8 12. Rfd1 Nxd4 13. Bxd4 Bxd4+ 14. Qxd4 Nc7 15. Qb6 Ne6 16. Nd5 Qxb6+ 17. Nxb6 Rad8 18. e5 Bc6 19. exd6 Rxd6 20. Rxd6 exd6 {½-½ (59) Drazic,S (2422)-Belous,M (2191) Krakow 2015}) 8. Nc2 Qc7 9. Be3 Ne5 10. Qd4 Be7 11. Be2 Bd7 12. Rc1 Rc8 13. Na3 O-O 14. O-O Rfd8 $146 ({Predecessor:} 14... Bc6 15. b4 Rfd8 16. Nd5 exd5 17. cxd5 Qb8 18. dxc6 Nxc6 19. Qb6 Nd7 {0-1 (19) Schlensker,P-Niephaus,W Bad Nauheim 1948}) 15. Rfd1 Be8 16. Qd2 Nfd7 17. f4 Nc6 18. Bf1 Nc5 19. Qf2 b6 20. Nab1 Nb8 21. b4 Ncd7 22. Na4 Nc5 23. bxc5 Bxa4 24. cxd6 Bxd6 25. Bxb6 Qc6 26. Rd2 Nd7 {[%emt 0:02:30] [#]} 27. Rxd6 $1 Qxd6 $16 28. Bxd8 Rxd8 29. c5 Qc6 30. Qd4 Rc8 31. Kh1 Nxc5 32. Nd2 h6 33. Nf3 Bb5 34. Ne5 Qe8 35. Bxb5 Qxb5 36. Nd3 Nxd3 37. Rxc8+ Kh7 38. g3 Qb1+ 39. Kg2 Qxa2+ 40. Kg1 Qe2 41. Rd8 Ne1 42. Qf2 Nf3+ 43. Kg2 Ne1+ 44. Kg1 Nf3+ 45. Kg2 1/2-1/2

[Event "22nd ECCC Women 2017"]
[Site "Antalya"]
[Date "2017.10.11"]
[Round "2"]
[White "Okuyaz, Duru"]
[Black "Sahin, Handenur"]
[Result "1/2-1/2"]
[ECO "C60"]
[WhiteElo "2233"]
[BlackElo "1960"]
[Annotator "ChessBase"]
[PlyCount "123"]
[EventType "team-tourn"]
[EventCountry "TUR"]
[WhiteTeam "Marmara"]
[BlackTeam "Aegean"]
[TimeControl "40/5400+30:1800+30"]

1. e4 e5 2. Nf3 Nc6 3. Bb5 Nge7 4. O-O g6 5. c3 a6 6. Bxc6 Nxc6 7. d4 d6 8. Bg5 Be7 9. Bh6 Bg4 10. d5 Nb8 11. h3 Bxf3 12. Qxf3 Bg5 13. Bxg5 Qxg5 14. c4 Nd7 15. Qg4 Qxg4 16. hxg4 Nf6 17. f3 h5 18. gxh5 Nxh5 19. Nc3 b6 20. b4 Kd7 21. c5 Nf4 22. cxd6 cxd6 23. g3 Nd3 24. Na4 Rab8 25. Rad1 Nxb4 26. Rb1 b5 27. Rxb4 a5 28. Rbb1 bxa4 29. f4 exf4 30. gxf4 Rb4 31. e5 Rh5 32. Rxb4 axb4 33. Rb1 dxe5 34. Rxb4 exf4 35. Rxf4 Rxd5 36. Rxf7+ Ke6 37. Rf2 Ke5 38. Kg2 Rd3 39. Re2+ Kf5 40. Rb2 g5 41. Rb5+ Kg6 42. Rb6+ Kh5 43. Rb2 a3 44. Rc2 Kh4 45. Rc4+ g4 46. Rc2 Rd1 47. Rc3 Rd2+ 48. Kg1 Rxa2 49. Rb3 Ra1+ 50. Kg2 a2 51. Ra3 Kg5 52. Ra5+ Kf4 53. Ra4+ Ke3 54. Ra3+ Kd4 55. Ra8 Kc5 56. Ra5+ Kb4 57. Ra8 Kb3 58. Rb8+ Ka4 59. Ra8+ Kb5 60. Rb8+ Ka6 61. Ra8+ Kb7 62. Ra3 1/2-1/2

[Event "22nd ECCC Women 2017"]
[Site "Antalya"]
[Date "2017.10.09"]
[Round "2"]
[White "Haussernot, Cecile"]
[Black "Ince, Safiye Oyku"]
[Result "1-0"]
[ECO "B82"]
[WhiteElo "2169"]
[BlackElo "1861"]
[Annotator "NA"]
[PlyCount "81"]
[EventType "team-tourn"]
[EventCountry "TUR"]
[SourceTitle "playchess.com"]
[Source "ChessBase"]
[SourceQuality "1"]
[WhiteTeam "Mulhouse Philidor"]
[BlackTeam "Mediterranean"]
[TimeControl "40/5400+30:1800+30"]

1. e4 c5 2. Nf3 e6 3. d4 cxd4 4. Nxd4 Nc6 5. Nc3 Qc7 6. Be3 a6 7. a3 Nf6 8. f4 d6 9. Qf3 Nxd4 {[%emt 0:05:00] B82: Sizilianisch (Scheveninger System)} 10. Bxd4 e5 (10... b5 11. Bd3 Bb7 12. Bxf6 gxf6 13. f5 Be7 14. O-O Qc5+ 15. Kh1 h5 16. fxe6 fxe6 17. a4 {1-0 (32) Grischuk,A (2783)-Cori Tello,J (2641) Tbilisi 2017}) 11. fxe5 dxe5 12. Qg3 Bd6 13. Qxg7 exd4 14. Qxh8+ Ke7 15. Qxf6+ Kxf6 16. Nd5+ Ke5 17. Nxc7 Bxc7 18. Bd3 $146 ({Vorgänger:} 18. O-O-O Kxe4 19. Bd3+ {1-0 (19) Lindroos,R-Tuominen,R Finland 1970}) 18... Be6 19. O-O Rg8 20. Rf3 Bd8 21. Raf1 Rg7 22. Kh1 Be7 23. b4 b5 $18 24. c3 dxc3 25. Bc2 a5 26. bxa5 Bxa3 27. Rxc3 Bb4 28. Rc6 Bxa5 29. Rc5+ Kd4 30. Rxb5 Bc4 31. Rd1+ Kc3 32. Rxa5 Kxc2 33. Raa1 Rg5 34. Rac1+ Kb3 35. Rd7 Be6 36. Rb7+ Ka2 37. Rc6 Ra5 38. Kg1 Ra4 39. Kf2 Ka3 40. Ke3 Ra8 41. Rxe6 1-0

[Event "22nd ECCC Women 2017"]
[Site "Antalya"]
[Date "2017.10.11"]
[Round "2"]
[White "Hereklioglu, Sude"]
[Black "Celik, Eda"]
[Result "1-0"]
[ECO "D01"]
[WhiteElo "2165"]
[BlackElo "1880"]
[Annotator "ChessBase"]
[PlyCount "107"]
[EventType "team-tourn"]
[EventCountry "TUR"]
[WhiteTeam "Marmara"]
[BlackTeam "Aegean"]
[TimeControl "40/5400+30:1800+30"]

1. d4 Nf6 2. Nc3 d5 3. Bg5 Nbd7 4. Nf3 g6 5. e3 Bg7 6. Bd3 O-O 7. O-O c5 8. Bxf6 Nxf6 9. Re1 b6 10. b3 Bb7 11. Ne5 Rc8 12. Na4 Ne4 13. Qe2 e6 14. Rad1 Qc7 15. f3 Nd6 16. c3 f6 17. Ng4 c4 18. Bb1 Bc6 19. e4 cxb3 20. axb3 dxe4 21. fxe4 Bxa4 22. bxa4 Qxc3 23. e5 fxe5 24. dxe5 Nf5 25. Ba2 Qc5+ 26. Kh1 Qe7 27. Nf6+ Bxf6 28. exf6 Rxf6 29. Bxe6+ Rxe6 30. Qxe6+ Qxe6 31. Rxe6 Kf7 32. Re5 Rc4 33. a5 Kf6 34. Rb5 Nd4 35. axb6 axb6 36. Rxb6+ Kg5 37. Rb7 h5 38. Rdb1 Rc2 39. R7b2 Rc3 40. Rb4 Rd3 41. Rc1 Rd2 42. h4+ Kh6 43. Rb7 Nf5 44. Rb4 Ne3 45. Re4 Ng4 46. Re7 Rd4 47. Kg1 Rd6 48. Rce1 Rd3 49. Kf1 Rd2 50. Rf7 Nh2+ 51. Kg1 Ng4 52. g3 Rd8 53. Ree7 Rh8 54. Kg2 1-0

[Event "22nd ECCC Women 2017"]
[Site "Antalya"]
[Date "2017.10.11"]
[Round "2"]
[White "Neuhauser, Salome"]
[Black "Ozbek, Busra"]
[Result "1-0"]
[ECO "B40"]
[WhiteElo "2140"]
[BlackElo "1850"]
[Annotator "ChessBase"]
[PlyCount "97"]
[EventType "team-tourn"]
[EventCountry "TUR"]
[WhiteTeam "Mulhouse Philidor"]
[BlackTeam "Mediterranean"]
[TimeControl "40/5400+30:1800+30"]

1. e4 c5 2. Nf3 e6 3. c3 Nf6 4. Bd3 Nc6 5. O-O d5 6. e5 Nd7 7. Re1 Qc7 8. Qe2 c4 9. Bc2 b5 10. d4 h6 11. Nbd2 Be7 12. Nf1 Bb7 13. Bd2 a5 14. b3 Nb6 15. Ne3 Ba6 16. bxc4 dxc4 17. Be4 Rd8 18. a3 Bb7 19. Nf1 Na7 20. Ng3 Bxe4 21. Qxe4 Nd5 22. Qg4 g6 23. Ne4 Nc8 24. Nh4 g5 25. Nf3 h5 26. Qg3 g4 27. Nfg5 Ncb6 28. f3 b4 29. axb4 axb4 30. fxg4 hxg4 31. Rf1 Bxg5 32. Bxg5 Rd7 33. cxb4 c3 34. Rac1 Qc4 35. Nd6+ Rxd6 36. exd6 Qxd4+ 37. Kh1 Qxb4 38. Rb1 Qc5 39. d7+ Kxd7 40. Rxf7+ Kc6 41. Re1 Kb5 42. Qd3+ Qc4 43. Rb1+ Nb4 44. Qxc4+ Kxc4 45. Rf4+ Kd3 46. Rfxb4 Nd5 47. Rxg4 c2 48. Rb3+ Ke2 49. Re4+ 1-0